[Event "Titled Tuesday Blitz June 13 Late 2023"]
[White "Bueno, Alfeu Junior Varela"]
[Black "Petesch, Gabriel"]
[WhiteFideId "2108879"]
[BlackFideId "2032465"]
[WhiteElo "2175"]
[BlackElo "2374"]
[Result "0-1"]
[Round "9"]
[TimeControl "180+2"]
[Date "2023.06.13"]
[WhiteClock "0:00:00"]
[BlackClock "0:00:02"]
[Board "74"]

1. e4 d5 2. exd5 Qxd5 3. Nc3 Qd6 4. d4 Nf6 5. Nf3 g6 6. Bc4 Bg7 7. Ne5 O-O 8. Be3 c6 9. Qe2 Be6 10. O-O-O Nbd7 11. Bf4 Bxc4 12. Qxc4 Nh5 13. g3 Nxf4 14. gxf4 Nb6 15. Qd3 Nd5 16. Ne4 Qe6 17. Nc5 Qf6 18. f5 Qxf5 19. Qxf5 gxf5 20. Nxb7 f6 21. Nc4 e5 22. Rhe1 e4 23. Nba5 Rab8 24. Nxc6 Bh6+ 25. Kb1 Nc3+ 26. Ka1 Nxd1 27. Rxd1 Rb7 28. Nd6 Rd7 29. Nxf5 Bf4 30. c4 Re8 31. d5 e3 32. fxe3 Bxe3 33. Re1 Re4 34. Rxe3 Rf4 35. Nfe7+ Kf7 36. a3 Rxc4 37. Nf5 Rf4 38. Nfd4 Rxd5 39. Rd3 Rh4 40. Rd2 Rh3 41. Rf2 a5 0-1


[Site "https://www.chess.com"]

[Event "Titled Tuesday Blitz June 13 Late 2023"]
[White "Mazurkiewicz, Michal"]
[Black "Haszon, David"]
[WhiteFideId "1124943"]
[BlackFideId "733610"]
[WhiteElo "2063"]
[BlackElo "2210"]
[Result "0-1"]
[Round "9"]
[TimeControl "180+2"]
[Date "2023.06.13"]
[WhiteClock "0:00:00"]
[BlackClock "0:00:57"]
[Board "75"]

1. e4 c5 2. Nf3 e6 3. d3 Nc6 4. g3 d5 5. Nbd2 Nf6 6. Bg2 Be7 7. O-O O-O 8. e5 Nd7 9. Re1 Rb8 10. h4 b5 11. Nf1 a5 12. Bf4 c4 13. d4 Re8 14. c3 b4 15. Ne3 bxc3 16. bxc3 Ba3 17. Rb1 Ba6 18. Rxb8 Ndxb8 19. h5 Qb6 20. h6 g6 21. Ng4 Nd7 22. Bg5 Qb2 23. Bc1 Qxc3 24. Qa4 Bxc1 25. Qxc6 Bc8 26. Re2 Qd3 27. Re1 Bd2 28. Rd1 c3 29. Nxd2 cxd2 30. Bf1 Qxd4 31. Qc2 Qxg4 32. Rxd2 Nxe5 33. Qb2 Qh5 34. Re2 Nf3+ 35. Kg2 d4 36. Re4 Ng5 37. Qxd4 Qxh6 38. Rh4 Qg7 39. Qa4 Rf8 40. Qxa5 e5 0-1


[Site "https://www.chess.com"]

[Event "Titled Tuesday Blitz June 13 Late 2023"]
[White "Arias Igual, Alejandro"]
[Black "Osmak, Yuliia"]
[WhiteFideId "2254905"]
[BlackFideId "14101602"]
[WhiteElo "2179"]
[BlackElo "2303"]
[Result "0-1"]
[Round "9"]
[TimeControl "180+2"]
[Date "2023.06.13"]
[WhiteClock "0:00:00"]
[BlackClock "0:01:48"]
[Board "76"]

1. e4 c6 2. d4 d5 3. exd5 cxd5 4. Bd3 Nc6 5. c3 Nf6 6. h3 g6 7. Nf3 Bf5 8. Be2 Bg7 9. O-O O-O 10. Nbd2 Ne4 11. Re1 Rc8 12. Nf1 Re8 13. Bf4 f6 14. Ne3 e5 15. Bh2 Be6 16. Bf1 Qb6 17. Rb1 Rcd8 18. Ng4 exd4 19. cxd4 h5 20. Ne3 Bf7 21. b4 f5 22. Qd3 Nxd4 23. Nxd4 Qxd4 24. Qxd4 Bxd4 25. Rbc1 Rc8 26. Bd3 Rxc1 27. Rxc1 Nxf2 28. Nc2 Nxd3+ 0-1


[Site "https://www.chess.com"]

[Event "Titled Tuesday Blitz June 13 Late 2023"]
[White "Santos Flores, Alberto"]
[Black "Szente Varga, Fruzsina"]
[WhiteFideId "3601234"]
[BlackFideId "712264"]
[WhiteElo "2235"]
[BlackElo "1994"]
[Result "0-1"]
[Round "9"]
[TimeControl "180+2"]
[Date "2023.06.13"]
[WhiteClock "0:01:06"]
[BlackClock "0:00:09"]
[Board "77"]

1. e4 e5 2. Nf3 Nc6 3. Bc4 Nf6 4. d3 Be7 5. O-O O-O 6. Re1 d6 7. c3 Bg4 8. Bb3 a5 9. Nbd2 b5 10. Nf1 a4 11. Bc2 Qd7 12. h3 Bxf3 13. Qxf3 b4 14. a3 bxc3 15. bxc3 Na5 16. Ng3 Rfb8 17. Nf5 Nb3 18. Rb1 Nxc1 19. Rexc1 Bf8 20. d4 g6 21. Ne3 Bg7 22. Bd3 Rb3 23. Bc4 Rxa3 24. Nc2 Rb3 25. Bxb3 axb3 26. Rxb3 exd4 27. cxd4 Qe6 28. Rc3 Nxe4 29. Rxc7 d5 30. Ne3 Bxd4 31. Rc8+ Rxc8 32. Rxc8+ Qxc8 33. Nxd5 Qc1+ 34. Kh2 Nxf2 35. Nf6+ Bxf6 36. Qxf6 Qc7+ 37. Kg1 Ne4 38. Qf3 Qc5+ 39. Kh2 Qf5 40. Qb3 Kg7 41. Qb2+ Qf6 42. Qb4 Qd6+ 43. Qxd6 Nxd6 44. Kg3 f5 45. Kf4 Kf6 46. h4 h6 47. Ke3 g5 48. hxg5+ hxg5 49. Kf3 Ke5 50. g3 Ne4 0-1


[Site "https://www.chess.com"]

[Event "Titled Tuesday Blitz June 13 Late 2023"]
[White "Estrada Nieto, Julian"]
[Black "Zhou, Qiyu"]
[WhiteFideId "5101018"]
[BlackFideId "505161"]
[WhiteElo "2161"]
[BlackElo "2101"]
[Result "1-0"]
[Round "9"]
[TimeControl "180+2"]
[Date "2023.06.13"]
[WhiteClock "0:00:28"]
[BlackClock "0:00:12"]
[Board "78"]

1. e4 e5 2. Nf3 Nc6 3. Bb5 a6 4. Bxc6 dxc6 5. O-O Bg4 6. h3 h5 7. d3 Qf6 8. Be3 Bd6 9. Nbd2 Ne7 10. Re1 Bxf3 11. Qxf3 Qxf3 12. Nxf3 c5 13. a4 f6 14. Nd2 Nc6 15. c3 O-O-O 16. Nc4 Be7 17. Red1 Rd7 18. Kf1 Rhd8 19. Ke2 g6 20. f4 Bd6 21. fxe5 Nxe5 22. Nxe5 fxe5 23. Rf1 Rf8 24. Rxf8+ Bxf8 25. Rf1 Bg7 26. Bxc5 b6 27. Be3 Kd8 28. Rd1 Ke7 29. d4 Ke6 30. d5+ Kd6 31. Rf1 Re7 32. Kd3 Rd7 33. Kc4 c5 34. b4 b5+ 35. axb5 axb5+ 36. Kxb5 Rb7+ 37. Kc4 cxb4 38. cxb4 Kd7 39. Bc5 1-0


[Site "https://www.chess.com"]

[Event "Titled Tuesday Blitz June 13 Late 2023"]
[White "Omariev, Maksim"]
[Black "Rios Escobar, Adan"]
[WhiteFideId "4193423"]
[BlackFideId "3403645"]
[WhiteElo "2364"]
[BlackElo "2492"]
[Result "0-1"]
[Round "9"]
[TimeControl "180+2"]
[Date "2023.06.13"]
[WhiteClock "0:00:04"]
[BlackClock "0:00:46"]
[Board "79"]

1. g4 c5 2. Bg2 Nc6 3. c4 e5 4. Nc3 d6 5. h3 Nge7 6. d3 g6 7. Nf3 Bg7 8. Be3 h6 9. Nd2 f5 10. f4 fxg4 11. hxg4 Bxg4 12. Nde4 Nf5 13. Qd2 Ncd4 14. O-O-O Qa5 15. fxe5 Bxe2 16. Rde1 Bg4 17. Bxd4 cxd4 18. Nxd6+ Nxd6 19. exd6+ Kd8 20. Nb5 Qxa2 21. Re7 Bf6 22. Rxh6 Rxh6 23. Qxh6 Qa1+ 24. Kc2 Qd1# 0-1


[Site "https://www.chess.com"]

[Event "Titled Tuesday Blitz June 13 Late 2023"]
[White "Toniutti, Ezio"]
[Black "Matsuura, Frederico"]
[WhiteFideId "113034"]
[BlackFideId "2107848"]
[WhiteElo "2215"]
[BlackElo "2302"]
[Result "1-0"]
[Round "9"]
[TimeControl "180+2"]
[Date "2023.06.13"]
[WhiteClock "0:00:53"]
[BlackClock "0:00:39"]
[Board "80"]

1. d4 e6 2. c4 d5 3. g3 Nf6 4. Nf3 Be7 5. Bg2 O-O 6. O-O b6 7. cxd5 exd5 8. Nc3 Bb7 9. Bf4 Na6 10. Rc1 c5 11. Nh4 Ne4 12. Nf5 Bf6 13. e3 Be7 14. Nxe4 dxe4 15. Qg4 g6 16. Rfd1 Qe8 17. Bh6 Bc8 18. Nxe7+ Qxe7 19. Bxf8 Kxf8 20. Qxe4 1-0


[Site "https://www.chess.com"]

[Event "Titled Tuesday Blitz June 13 Late 2023"]
[White "Bernado Lopez, Roger"]
[Black "Ai, Evan"]
[WhiteFideId "24585009"]
[BlackFideId "2094770"]
[WhiteElo "2097"]
[BlackElo "1963"]
[Result "1-0"]
[Round "9"]
[TimeControl "180+2"]
[Date "2023.06.13"]
[WhiteClock "0:00:31"]
[BlackClock "0:00:00"]
[Board "81"]

1. e4 e5 2. Nf3 Nc6 3. Bb5 a6 4. Ba4 Nf6 5. O-O Be7 6. Re1 b5 7. Bb3 O-O 8. a4 Bb7 9. d3 d6 10. h3 b4 11. a5 Nd7 12. Nbd2 Nc5 13. Bd5 Rb8 14. Nc4 Kh8 15. Be3 Nd7 16. Nh2 Nf6 17. Bxc6 Bxc6 18. Bg5 Nd7 19. Bxe7 Qxe7 20. Ne3 g6 21. Qg4 Nc5 22. f4 b3 23. fxe5 dxe5 24. cxb3 Nxd3 25. Rf1 Rxb3 26. Rf3 Nf4 27. Raf1 Bxe4 28. Rxf4 exf4 29. Qxf4 Qc5 30. Ng4 Bf5 31. Kh1 Bxg4 32. Nxg4 f5 33. Qh6 Rbb8 34. b4 Qc4 35. Rc1 Qxb4 36. Rxc7 1-0


[Site "https://www.chess.com"]

[Event "Titled Tuesday Blitz June 13 Late 2023"]
[White "Rottenwohrer Suarez, Juan"]
[Black "Djordjevic, Dejan N"]
[WhiteFideId "32068182"]
[BlackFideId "913316"]
[WhiteElo "2174"]
[BlackElo "2261"]
[Result "1-0"]
[Round "9"]
[TimeControl "180+2"]
[Date "2023.06.13"]
[WhiteClock "0:00:47"]
[BlackClock "0:01:11"]
[Board "82"]

1. d4 Nf6 2. c4 g6 3. Nc3 d6 4. e4 Bg7 5. h3 O-O 6. Be3 Nc6 7. Nf3 e5 8. d5 Ne7 9. g4 Ne8 10. g5 f5 11. gxf6 Nxf6 12. Ng5 h6 13. Ne6 Bxe6 14. dxe6 c6 15. Qd2 Kh7 16. O-O-O Ne8 17. h4 Qa5 18. Bh3 Rd8 19. Kb1 a6 20. Rdg1 b5 21. cxb5 axb5 22. h5 gxh5 23. Bf5+ Kh8 24. Bxh6 b4 25. Bxg7+ Nxg7 26. Qh6+ 1-0


[Site "https://www.chess.com"]

[Event "Titled Tuesday Blitz June 13 Late 2023"]
[White "Wizard_of_Odds"]
[Black "Petersson, Kjell"]
[BlackFideId "1705148"]
[WhiteElo "2484"]
[BlackElo "2005"]
[Result "1-0"]
[Round "9"]
[TimeControl "180+2"]
[Date "2023.06.13"]
[WhiteClock "0:01:08"]
[BlackClock "0:01:10"]
[Board "83"]

1. d4 f5 2. Nf3 Nf6 3. c4 e6 4. e3 b6 5. Be2 Bb7 6. O-O Be7 7. Nc3 O-O 8. d5 Na6 9. dxe6 dxe6 10. Nd4 Qc8 11. Bf3 Ne4 12. Nxe4 Bxe4 13. Bxe4 fxe4 14. Qg4 e5 15. Ne6 Rf7 16. Qxe4 Bd6 17. Ng5 Rf6 18. Qxh7+ Kf8 19. Qh8+ Ke7 20. Qxg7+ Kd8 21. Qxf6+ Be7 22. Nf7+ Ke8 23. Qg6 Kd7 24. Nxe5+ 1-0


[Site "https://www.chess.com"]

[Event "Titled Tuesday Blitz June 13 Late 2023"]
[White "Zhigalko, Sergei"]
[Black "Balla, Tamas-Kristof"]
[WhiteFideId "13502956"]
[BlackFideId "1208497"]
[WhiteElo "2626"]
[BlackElo "2334"]
[Result "1-0"]
[Round "9"]
[TimeControl "180+2"]
[Date "2023.06.13"]
[WhiteClock "0:01:17"]
[BlackClock "0:00:23"]
[Board "84"]

1. g4 d5 2. Bg2 Bxg4 3. c4 c6 4. Qb3 dxc4 5. Qxb7 Nd7 6. Nc3 Ngf6 7. Nf3 e6 8. Nd4 Rb8 9. Qa6 Rb6 10. Qa4 Bc5 11. Nxc6 Qc7 12. Nb5 Bxf2+ 13. Kxf2 Qf4+ 14. Ke1 O-O 15. d4 1-0


[Site "https://www.chess.com"]

[Event "Titled Tuesday Blitz June 13 Late 2023"]
[White "Yang, Kevin"]
[Black "Martins, Bruno Andre Leite"]
[WhiteFideId "30908485"]
[BlackFideId "1942255"]
[WhiteElo "2055"]
[BlackElo "2241"]
[Result "0-1"]
[Round "9"]
[TimeControl "180+2"]
[Date "2023.06.13"]
[WhiteClock "0:00:04"]
[BlackClock "0:00:04"]
[Board "85"]

1. Nf3 g6 2. h4 Nf6 3. b3 Bg7 4. Bb2 d6 5. e4 e5 6. d3 Nc6 7. Nbd2 Bg4 8. Be2 Qd7 9. a3 O-O 10. Nc4 Rfe8 11. Ne3 Bxf3 12. Bxf3 Nd4 13. h5 Rad8 14. hxg6 hxg6 15. c4 c6 16. Nc2 Nxf3+ 17. Qxf3 d5 18. O-O-O a5 19. Ne3 b5 20. exd5 cxd5 21. Kb1 bxc4 22. dxc4 d4 23. Nc2 Qc7 24. Qh3 a4 25. bxa4 Qxc4 26. Nb4 e4 27. Rc1 Qe6 28. Qxe6 Rxe6 29. Nc6 Rd7 30. Nxd4 Rb6 31. Nb5 Kf8 32. Rc8+ Ke7 33. Ka2 Rd2 34. Kb3 Re6 35. Bc3 Rd3 36. Kc2 Rd7 37. Rc5 Ne8 38. Bb4 Kd8 39. Rc4 Nc7 40. Rd1 Nxb5 41. axb5 Rxd1 42. Kxd1 e3 43. fxe3 Rxe3 44. Rc6 Re5 45. Kc2 Rxb5 46. Rd6+ Kc7 47. Ra6 Kb7 48. Rd6 Kc8 49. Ra6 Rg5 50. Ra7 Rxg2+ 51. Kd3 Rf2 52. Bc5 Rf5 53. Kc4 Bh6 54. Ra8+ Kb7 55. Rh8 Bf4 56. Rh7 Bc7 57. Bd4 Kc6 58. a4 Rf4 59. Kd3 g5 60. Be3 Rf3 61. Ke4 g4 62. Rh6+ Kb7 63. Rh5 Rf1 64. Rb5+ Kc8 65. Rg5 Kd7 66. Rxg4 f5+ 67. Kd3 fxg4 0-1


[Site "https://www.chess.com"]

[Event "Titled Tuesday Blitz June 13 Late 2023"]
[White "Dobrowolski, Piotr"]
[Black "Kaplan, Avi Harrison"]
[WhiteFideId "1106236"]
[BlackFideId "30934559"]
[WhiteElo "2305"]
[BlackElo "1983"]
[Result "1-0"]
[Round "9"]
[TimeControl "180+2"]
[Date "2023.06.13"]
[WhiteClock "0:00:26"]
[BlackClock "0:00:04"]
[Board "86"]

1. e4 b6 2. d4 Bb7 3. Bd3 f5 4. exf5 Bxg2 5. Qh5+ g6 6. fxg6 Bg7 7. gxh7+ Kf8 8. hxg8=Q+ Kxg8 9. Qg4 Bxh1 10. Nc3 Rxh2 11. Bg5 Qe8 12. O-O-O Rg2 13. Qh4 Rxg5 14. Qxg5 Bb7 15. Nh3 Qf7 16. Rg1 Kf8 17. Nf4 Qf6 18. Ng6+ Kf7 19. Qh5 e6 20. Ne4 Bxe4 21. Bxe4 Nc6 22. Bxc6 dxc6 23. Ne5+ Ke7 24. Nxc6+ Kd6 25. Ne5 Qh6+ 26. Qxh6 Bxh6+ 27. Kd1 Rf8 28. Ke2 Bf4 29. Nd3 Bh6 30. Rg6 Bf4 31. Rg7 a6 32. c3 Bh6 33. Rh7 Bg5 34. f3 Bf6 35. Nf2 Bd8 36. Ne4+ Kc6 37. Rh6 Kd7 38. c4 Rg8 39. Rh2 Be7 40. Kf2 Kc6 41. Rh7 Bb4 42. d5+ exd5 43. cxd5+ Kxd5 44. Nf6+ Kc4 45. Nxg8 c5 46. Rh4+ Kb5 47. a3 Ba5 48. f4 Bd2 49. f5 Bg5 50. Rg4 Bd8 51. f6 Bxf6 52. Nxf6 c4 53. Nd7 Ka5 54. Nxb6 Kxb6 55. Rxc4 Kb5 56. b3 Ka5 57. a4 Kb6 58. Ke3 Ka5 59. Kd4 Kb6 60. b4 Kb7 61. a5 Ka7 62. Kc5 Kb7 63. Rd4 Kc7 64. Rd6 Kb7 65. Rd7+ Kc8 66. Kc6 Kb8 67. Kb6 Kc8 68. Rd6 Kb8 69. Rd8# 1-0


[Site "https://www.chess.com"]

[Event "Titled Tuesday Blitz June 13 Late 2023"]
[White "Jonkman, Harmen"]
[Black "Pinheiro, Iung Alicio de O."]
[WhiteFideId "1002708"]
[BlackFideId "2104350"]
[WhiteElo "2368"]
[BlackElo "2283"]
[Result "0-1"]
[Round "9"]
[TimeControl "180+2"]
[Date "2023.06.13"]
[WhiteClock "0:00:00"]
[BlackClock "0:00:07"]
[Board "87"]

1. d4 Nf6 2. Nf3 e6 3. Bf4 d5 4. e3 c5 5. Nbd2 Bd6 6. dxc5 Bxf4 7. exf4 Qc7 8. Nb3 Qxf4 9. Bb5+ Bd7 10. Bxd7+ Nbxd7 11. O-O O-O 12. Qe2 Rfc8 13. Qb5 Qc7 14. c3 Nxc5 15. Nxc5 Qxc5 16. Qb3 Ne4 17. Rad1 b5 18. Rd4 a5 19. a3 Rab8 20. g3 h6 21. Kg2 Qc7 22. Rfd1 Qb7 23. Nd2 Nd6 24. Nf3 Nc4 25. Re1 b4 26. cxb4 axb4 27. a4 Ra8 28. Ne5 Qa6 29. Nd3 Qxa4 30. Qxa4 Rxa4 31. b3 e5 32. Rh4 Ra3 33. Nxb4 Rxb3 34. Nxd5 Kh7 35. Ne7 Rc7 36. Nf5 Rb2 37. Rc1 Ne3+ 0-1


[Site "https://www.chess.com"]

[Event "Titled Tuesday Blitz June 13 Late 2023"]
[White "Jimenez Garcia, Emmanuel"]
[Black "Deng, Henry"]
[WhiteFideId "6504779"]
[BlackFideId "30965454"]
[WhiteElo "2440"]
[BlackElo "2538"]
[Result "0-1"]
[Round "9"]
[TimeControl "180+2"]
[Date "2023.06.13"]
[WhiteClock "0:01:15"]
[BlackClock "0:01:21"]
[Board "88"]

1. Nf3 d5 2. c4 c6 3. b3 Nf6 4. Bb2 Bg4 5. g3 e6 6. Bg2 Nbd7 7. h3 Bh5 8. O-O Be7 9. d3 O-O 10. Nc3 a5 11. Re1 Re8 12. Qc2 e5 13. e4 d4 14. Ne2 h6 15. g4 Bg6 16. Ng3 Nh7 17. a3 Ng5 18. Bc1 Nxf3+ 19. Bxf3 Bg5 20. Bxg5 Qxg5 21. Qc1 Qh4 22. Kg2 Nf8 23. b4 Ne6 24. Ne2 h5 25. Rh1 Ng5 26. Ng3 Nxf3 27. Kxf3 Re6 28. g5 f6 29. gxf6 Rxf6+ 30. Kg2 Raf8 31. Rf1 Rf3 32. bxa5 Rxd3 33. c5 Bxe4+ 34. Kh2 Rxf2+ 35. Rxf2 Qxg3# 0-1


[Site "https://www.chess.com"]

[Event "Titled Tuesday Blitz June 13 Late 2023"]
[White "Avalos Parra, Joao"]
[Black "Camilla_Lee"]
[WhiteFideId "3402541"]
[WhiteElo "2173"]
[BlackElo "2526"]
[Result "1-0"]
[Round "9"]
[TimeControl "180+2"]
[Date "2023.06.13"]
[WhiteClock "0:01:05"]
[BlackClock "0:01:03"]
[Board "89"]

1. d4 Nf6 2. c4 g6 3. Nc3 d5 4. Nf3 Bg7 5. h4 h5 6. Bg5 Ne4 7. cxd5 Nxc3 8. bxc3 Qxd5 9. e3 c5 10. Bd3 cxd4 11. cxd4 Bf5 12. O-O Nc6 13. Rc1 O-O 14. Rc5 Qd7 15. Bxf5 gxf5 16. Qb1 e6 17. d5 exd5 18. Rd1 d4 19. exd4 Rac8 20. Rxf5 Rfe8 21. Bf6 Re2 22. Rg5 1-0


[Site "https://www.chess.com"]

[Event "Titled Tuesday Blitz June 13 Late 2023"]
[White "Diaz Rosas, Julio Cesar"]
[Black "Slavin, Alexey"]
[WhiteFideId "5105099"]
[BlackFideId "24104388"]
[WhiteElo "2284"]
[BlackElo "2264"]
[Result "1-0"]
[Round "9"]
[TimeControl "180+2"]
[Date "2023.06.13"]
[WhiteClock "0:00:10"]
[BlackClock "0:00:00"]
[Board "90"]

1. b3 Nc6 2. Bb2 Nf6 3. g3 d6 4. Bg2 e5 5. d3 Bd7 6. Nf3 Be7 7. O-O Qc8 8. Re1 Bh3 9. Bh1 h6 10. e4 O-O 11. d4 Ng4 12. Nbd2 Bf6 13. Nc4 Re8 14. dxe5 dxe5 15. Ne3 Nxe3 16. Rxe3 Qe6 17. Rd3 Nb4 18. Rd2 Rad8 19. a3 Rxd2 20. Qxd2 Nc6 21. Qe2 Bg4 22. Qb5 Qc8 23. Re1 a6 24. Qc5 Qe6 25. Nd2 Rd8 26. Nc4 b6 27. Qe3 b5 28. Nd2 Nd4 29. Bxd4 Rxd4 30. Qc3 c6 31. Nf1 Bg5 32. Ne3 Bxe3 33. Qxe3 Qd7 34. Bg2 Rd1 35. Bf1 Rxe1 36. Qxe1 Qd1 37. Qxd1 Bxd1 38. Bd3 Bf3 39. Kf1 Kf8 40. Ke1 Ke7 41. Kd2 Kd6 42. Ke3 Bg4 43. b4 Be6 44. f4 f6 45. Be2 c5 46. c3 Bb3 47. Bg4 Bc2 48. Bc8 a5 49. bxa5 Kc7 50. Be6 Kb7 51. c4 Ka6 52. cxb5+ Kxb5 53. Bd5 Kxa5 54. Kd2 Ba4 55. Kc3 Bb5 56. Kb3 Be2 57. Bc4 Bd1+ 58. Kc3 Ka4 59. Kb2 1-0


[Site "https://www.chess.com"]

[Event "Titled Tuesday Blitz June 13 Late 2023"]
[White "Shapiro, Viktor"]
[Black "Castella Garcia, Fausto"]
[WhiteFideId "4175700"]
[BlackFideId "3501922"]
[WhiteElo "2212"]
[BlackElo "2245"]
[Result "1-0"]
[Round "9"]
[TimeControl "180+2"]
[Date "2023.06.13"]
[WhiteClock "0:01:15"]
[BlackClock "0:00:33"]
[Board "91"]

1. Nf3 c5 2. g3 g6 3. Bg2 Bg7 4. O-O Nf6 5. d3 d5 6. c4 dxc4 7. dxc4 Qxd1 8. Rxd1 O-O 9. Nc3 Nc6 10. Be3 Be6 11. Nd5 Rad8 12. Ng5 Bxd5 13. cxd5 Nb4 14. Bxc5 Nbxd5 15. e4 b6 16. Ba3 Nc7 17. Bxe7 Rxd1+ 18. Rxd1 Re8 19. Bd6 Nb5 20. e5 Nxd6 21. exd6 Rd8 22. Bc6 h6 23. Nf3 Nd7 24. b4 a5 25. bxa5 bxa5 26. a4 Ne5 27. Nxe5 Bxe5 28. d7 Kg7 29. f4 Bf6 30. Rd5 Bc3 31. Kf2 Bb4 32. Ke3 Kf6 33. Kd4 Ke7 34. Kc4 Rb8 35. Re5+ Kd6 36. Re8 1-0


[Site "https://www.chess.com"]

[Event "Titled Tuesday Blitz June 13 Late 2023"]
[White "kiwibobo"]
[Black "Peycheva, Gergana"]
[BlackFideId "2916711"]
[WhiteElo "2314"]
[BlackElo "2216"]
[Result "0-1"]
[Round "9"]
[TimeControl "180+2"]
[Date "2023.06.13"]
[WhiteClock "0:00:02"]
[BlackClock "0:00:06"]
[Board "92"]

1. e4 c5 2. Nf3 Nc6 3. d4 cxd4 4. Nxd4 g6 5. Nc3 Bg7 6. Be3 Nf6 7. Nxc6 bxc6 8. e5 Ng8 9. Bd4 Qc7 10. Qe2 Nh6 11. g4 O-O 12. O-O-O c5 13. Nd5 Qd8 14. Bxc5 d6 15. exd6 exd6 16. Ne7+ Kh8 17. Rxd6 Qa5 18. Bd4 Bxg4 19. Qe3 Rfe8 20. Bg2 Nf5 21. Bxg7+ Kxg7 22. Nxf5+ Bxf5 23. Qc3+ Qxc3 24. bxc3 Rac8 25. Kd2 Rcd8 26. Rxd8 Rxd8+ 27. Kc1 Kf6 28. Rd1 Rc8 29. Kb2 Rb8+ 30. Ka3 Be6 31. Rd4 Rc8 32. Kb4 Bxa2 33. Rd7 Be6 34. Rxa7 Rc4+ 35. Ka3 Rxc3+ 36. Kb2 Rc5 37. Ra6 Kg5 38. c3 Bf5 39. Bf1 Re5 40. c4 Re1 41. Ra1 Re8 42. Kc3 Kf4 43. c5 Kf3 44. c6 Kxf2 45. c7 Rc8 46. Bd3 Rxc7+ 47. Kd2 Rd7 48. Ra3 Kg2 0-1


[Site "https://www.chess.com"]

[Event "Titled Tuesday Blitz June 13 Late 2023"]
[White "DampFalcon"]
[Black "Jakic, Ivan"]
[BlackFideId "14504901"]
[WhiteElo "2219"]
[BlackElo "2365"]
[Result "0-1"]
[Round "9"]
[TimeControl "180+2"]
[Date "2023.06.13"]
[WhiteClock "0:01:58"]
[BlackClock "0:01:46"]
[Board "93"]

1. e4 c5 2. Nf3 d6 3. d4 cxd4 4. Qxd4 Nc6 5. Bb5 Bd7 6. Qd3 Nf6 7. c4 g6 8. Nc3 Bg7 9. O-O O-O 10. h3 a6 11. Bxc6 Bxc6 12. Nd4 Nd7 13. Be3 Nc5 14. Qc2 Rc8 15. Rac1 Qa5 16. Rfd1 Ne6 17. Nxe6 fxe6 18. Qb3 Bxc3 19. Rxc3 Bxe4 20. Bh6 Rf7 21. Re3 Qf5 22. f3 Bc6 23. Ree1 Qh5 24. Qe3 e5 25. Kh2 Bxf3 26. gxf3 Rxf3 27. Qg5 Qxh3+ 28. Kg1 Rg3+ 0-1


[Site "https://www.chess.com"]

[Event "Titled Tuesday Blitz June 13 Late 2023"]
[White "Seletsky, Grigory"]
[Black "Almedina Ortiz, Edgardo J."]
[WhiteFideId "14112191"]
[BlackFideId "3100197"]
[WhiteElo "2491"]
[BlackElo "2217"]
[Result "1-0"]
[Round "9"]
[TimeControl "180+2"]
[Date "2023.06.13"]
[WhiteClock "0:01:45"]
[BlackClock "0:00:01"]
[Board "94"]

1. e4 c5 2. Nc3 Nc6 3. d3 g6 4. Be3 d6 5. d4 cxd4 6. Bxd4 Nxd4 7. Qxd4 Nf6 8. e5 dxe5 9. Bb5+ Bd7 10. Qxe5 Bg7 11. O-O-O O-O 12. Bxd7 Nxd7 13. Qb5 e6 14. Rxd7 Qf6 15. Nge2 a6 16. Qxb7 Rab8 17. Qf3 Qg5+ 18. Kb1 Qa5 19. Rhd1 Rb6 20. R1d3 f5 21. Nc1 Qb4 22. Nb3 a5 23. a4 Bxc3 24. Rxc3 Qxa4 25. Rcc7 1-0


[Site "https://www.chess.com"]

[Event "Titled Tuesday Blitz June 13 Late 2023"]
[White "Torres Dominguez, David"]
[Black "Kielinkei"]
[WhiteFideId "2220857"]
[WhiteElo "1999"]
[BlackElo "2452"]
[Result "0-1"]
[Round "9"]
[TimeControl "180+2"]
[Date "2023.06.13"]
[WhiteClock "0:00:00"]
[BlackClock "0:00:02"]
[Board "95"]

1. e4 c5 2. Nc3 a6 3. f4 b5 4. Nf3 Bb7 5. d3 e6 6. Be2 d5 7. O-O dxe4 8. Nxe4 Nf6 9. Nxf6+ Qxf6 10. Ne5 Bd6 11. Bf3 Qe7 12. Bxb7 Qxb7 13. Qg4 O-O 14. Nf3 Nd7 15. Bd2 Nf6 16. Qh4 Be7 17. Bc3 Nd5 18. Qg3 Nxc3 19. bxc3 Bf6 20. Ne5 Qc7 21. Rae1 Rad8 22. Re2 g6 23. h4 Bg7 24. h5 Rd5 25. c4 Rd4 26. hxg6 hxg6 27. Ng4 bxc4 28. dxc4 Rxc4 29. Qh3 Qe7 30. Rf3 Rd8 31. Nh6+ Bxh6 32. Qxh6 Qf6 33. Rh3 Qg7 34. Qg5 Rd1+ 35. Kh2 Rcd4 36. Rf2 Re1 37. f5 Rdd1 38. f6 Rh1+ 39. Kg3 Rxh3+ 40. Kxh3 Qh7+ 41. Kg3 Rd5 42. Qf4 Kh8 43. Qb8+ Qg8 44. Qf4 Rh5 45. Kf3 Rf5 0-1


[Site "https://www.chess.com"]

[Event "Titled Tuesday Blitz June 13 Late 2023"]
[White "Dias, Joao Batista"]
[Black "Przybylski, Wojciech"]
[WhiteFideId "2108240"]
[BlackFideId "1117599"]
[WhiteElo "1907"]
[BlackElo "2228"]
[Result "0-1"]
[Round "9"]
[TimeControl "180+2"]
[Date "2023.06.13"]
[WhiteClock "0:02:23"]
[BlackClock "0:02:19"]
[Board "96"]

1. e4 c5 2. b3 Nf6 3. e5 Nd5 4. Bb2 Nc6 5. Nc3 e6 6. Nxd5 exd5 7. Nf3 d6 8. d4 dxe5 9. dxe5 Bf5 10. Bb5 Qa5+ 11. Qd2 Qxb5 12. Qxd5 Rd8 13. Qc4 Qxc4 14. bxc4 Nb4 15. O-O Nxc2 16. Rac1 Nd4 17. Nh4 Bd3 18. Rfe1 Ne2+ 0-1


[Site "https://www.chess.com"]

[Event "Titled Tuesday Blitz June 13 Late 2023"]
[White "Romanchuk, Viktor"]
[Black "Aung Thant Zin"]
[WhiteFideId "14109271"]
[BlackFideId "13000063"]
[WhiteElo "2242"]
[BlackElo "2278"]
[Result "1-0"]
[Round "9"]
[TimeControl "180+2"]
[Date "2023.06.13"]
[WhiteClock "0:00:20"]
[BlackClock "0:00:32"]
[Board "97"]

1. d4 Nf6 2. c4 e6 3. Nc3 Bb4 4. e3 c5 5. Ne2 Kf8 6. a3 Bxc3+ 7. Nxc3 cxd4 8. exd4 d5 9. c5 Nc6 10. Bf4 h6 11. b4 a6 12. Be2 Ne4 13. Nxe4 dxe4 14. Bd6+ Kg8 15. d5 exd5 16. Qxd5 Qf6 17. O-O Qf5 18. Bc4 Be6 19. Qxf5 Bxf5 20. Rfe1 Kh7 21. Bxf7 Nd4 22. Red1 Nb5 23. Be5 Rhd8 24. a4 Na7 25. h3 Nc6 26. Bc3 Rd3 27. Rxd3 exd3 28. f3 Rf8 29. Bc4 Re8 30. Re1 Rd8 31. Kf2 Nd4 32. Rd1 Ne2 33. Be5 Re8 34. f4 g5 35. Bxd3 Bxd3 36. Rxd3 gxf4 37. Kxe2 Rxe5+ 38. Kf3 Kg6 39. Kxf4 Re2 40. g4 Rf2+ 41. Kg3 Rb2 42. Rd6+ Kf7 43. Rb6 Ra2 44. Rxb7+ Ke6 45. Rb6+ Kd5 46. Rxa6 Kc4 47. Rb6 Rxa4 48. c6 Kd5 49. b5 Kd6 50. Rb7 Rc4 51. c7 Kd7 52. b6 1-0


[Site "https://www.chess.com"]

[Event "Titled Tuesday Blitz June 13 Late 2023"]
[White "Ozalp, Burak"]
[Black "Benedetti, Julio"]
[WhiteFideId "6314210"]
[BlackFideId "172545"]
[WhiteElo "2106"]
[BlackElo "2263"]
[Result "0-1"]
[Round "9"]
[TimeControl "180+2"]
[Date "2023.06.13"]
[WhiteClock "0:00:00"]
[BlackClock "0:00:42"]
[Board "98"]

1. Nf3 Nf6 2. g3 g6 3. Bg2 Bg7 4. O-O O-O 5. d4 d6 6. a4 a5 7. Nc3 c6 8. e4 Qc7 9. Be3 Nbd7 10. Qd2 e5 11. Rad1 Ng4 12. Rfe1 Nxe3 13. Rxe3 exd4 14. Nxd4 Ne5 15. Qe2 b6 16. h3 Ba6 17. Qe1 Nc4 18. b3 Nxe3 19. Qxe3 Rae8 20. Qd2 Re7 21. e5 d5 22. f4 Bb7 23. h4 f6 24. exf6 Bxf6 25. Kh2 Qd6 26. Nf3 Qc5 27. Ne2 Qe3 28. Qxe3 Rxe3 29. Ned4 Rfe8 30. f5 c5 31. Nb5 Rd8 32. fxg6 hxg6 33. Nd2 Re2 34. c4 dxc4 0-1


[Site "https://www.chess.com"]